AoeStats
← polar366

Arabia

510503546Analyzed
1v1 RM · 1d ago on Oct 1, 2026· 27m 10s· 2 players
Game mode
Random Map
Map size
Tiny (2 player)
Population
200
Speed
Normal
Resources
Standard
Victory
Conquest
Starting age
Dark Age
Ending age
Imperial Age
RankedLock teamsTeams togetherTeam positionsShared explorationLock speedFull tech treeHidden civsTurbo modeCheats
Victory
Defeat
🇹🇼 Persians · Taiwan
867
+15
🇺🇸 Maya · United States
837
-15
ToweleeTowel TTV M
8:44 Loom
10:30 Feudal Age
17:04 Gold Mining
19:53 Castle Age
19:31 Double-Bit Axe
19:29 Horse Collar
20:42 Man-at-Arms
25:49 Town Watch
polar366
5:49 Loom
8:41 Feudal Age
9:15 Double-Bit Axe
10:05 Horse Collar
12:45 Forging
18:41 Castle Age
17:35 Gold Mining
18:24 Scale Barding Armor
19:32 Bow Saw
21:11 Bloodlines
25:06 Wheelbarrow
Connection lost

Rejoining the realm…

Still unreachable

The connection could not be restored.

Session expired

The server has moved on; the page needs a fresh start.